details: 'elf trihero 80 food army 0, lone bm 1'

« prev index next »

General information

Mini Map

Players

team 1
NightElfDeath-BringerXx (pink | 53 APM | 1351 actions | 25:28)
Hero icon 3 Keeper of the Grove
Ability icon 2 Entangling Roots
Ability icon 1 Thorns Aura
Hero icon 2 Demon Hunter
Ability icon 1 Mana Burn
Ability icon 1 Evasion
Hero icon 1 Priestess of the Moon
Ability icon 1 Trueshot Aura

» actions
Basic commands19
Build / train101
Enter build submenu23
Enter hero's abilities submenu6
Remove unit from queue5
Right click730
Select / deselect402
Use ability65
1351 total
» units
Wisp39
Archer14
Huntress5
Druid of the Claw2
Druid of the Talon6
Dryad4
70 total
» upgrades
Strength of the Wild3
Reinforced Hides3
Druid of the Claw Training2
Druid of the Talon Training2
Well Spring1
Abolish Magic1
Marksmanship1
Strength of the Moon1
Mark of the Talon1
15 total
» buildings
Altar of Elders1
Moon Well8
Ancient of War1
Hunter's Hall1
Ancient Protector5
Tree of Ages1
Ancient of Lore1
Ancient of Wind1
Tree of Eternity1
Tree of Life2
Ancient of Wonders1
23 total
» build order
00:42 Altar of Elders
01:00 Moon Well
01:23 Ancient of War
01:48 Hunter's Hall
02:28 Moon Well
02:47 Moon Well
03:02 Ancient Protector
03:25 Ancient Protector
03:57 Moon Well
04:51 Tree of Ages
05:38 Ancient Protector
07:23 Ancient of Lore
07:36 Ancient of Wind
07:55 Ancient Protector
07:59 Ancient Protector
08:06 Tree of Eternity
09:24 Moon Well
10:17 Tree of Life
14:57 Ancient of Wonders
18:05 Moon Well
20:56 Moon Well
21:27 Moon Well
23:09 Tree of Life
team 2
Orc7.12 (orange | 61 APM | 1550 actions | 25:30)
Hero icon 8 Blademaster
Ability icon 3 Wind Walk
Ability icon 3 Critical Strike
Ability icon 2 Bladestorm

» actions
Assign group hotkey39
Basic commands105
Build / train68
Enter build submenu39
Enter hero's abilities submenu8
Give item / drop item11
Right click657
Select / deselect221
Select group hotkey282
Use ability120
1550 total
» units
Peon14
Wind Rider4
Goblin Shredder1
Troll Batrider5
Troll Witch Doctor1
25 total
» upgrades
Ranged Weapons3
Armor3
Liquid Fire1
Envenomed Spears1
Witch Doctor Training2
Reinforced Defenses1
Spirit Walker Training1
12 total
» buildings
Altar of Storms1
Orc Burrow8
Voodoo Lounge2
War Mill1
Watch Tower22
Stronghold2
Beastiary2
Great Hall2
Fortress1
Spirit Lodge1
42 total
» build order
00:06 Altar of Storms
00:18 Orc Burrow
00:33 Voodoo Lounge
01:21 Orc Burrow
01:46 War Mill
03:22 Watch Tower
03:23 Watch Tower
03:24 Watch Tower
03:51 Stronghold
04:07 Watch Tower
04:19 Orc Burrow
04:37 Watch Tower
06:18 Beastiary
06:25 Beastiary
07:46 Orc Burrow
10:02 Great Hall
10:11 Watch Tower
10:16 Watch Tower
10:26 Watch Tower
11:29 Fortress
12:00 Orc Burrow
12:02 Watch Tower
12:02 Watch Tower
12:03 Watch Tower
12:44 Spirit Lodge
16:29 Orc Burrow
20:50 Watch Tower
20:52 Watch Tower
20:52 Watch Tower
20:53 Watch Tower
21:16 Watch Tower
21:16 Watch Tower
21:40 Great Hall
22:49 Orc Burrow
22:50 Orc Burrow
22:51 Voodoo Lounge
22:55 Watch Tower
22:56 Watch Tower
22:57 Watch Tower
22:58 Watch Tower
23:05 Watch Tower
24:26 Stronghold
» items
Healing Salve6
Lesser Clarity Potion5
Boots of Speed1
Staff of Teleportation1
Orb of Lightning1
Potion of Healing3
Potion of Lesser Invulnerability1
Potion of Mana1
19 total